 Dungeon Crawl Stone Soup version 0.31.0-11-ge490571c62 (webtiles) character file.

Game seed: 11838568600625741737

3836 jagang the Carver (level 10, -18/77 HPs)
             Began as a Human Monk on Feb 7, 2024.
             Was a Priest of the Shining One.
             Demolished by an orc knight
             ... wielding a +0 halberd
              (26 damage)
             ... in a bailey.
             The game lasted 00:17:44 (7428 turns).

jagang the Carver (Human Monk)                      Turns: 7428, Time: 00:17:45

Health: -18/77     AC: 14    Str: 13    XL:     10   Next: 18%
Magic:  12/12      EV:  5    Int: 10    God:    the Shining One [***...]
Gold:   188        SH:  0    Dex: 31    Spells: 9/9 levels left

rFire   . . .        e - +1 long sword
rCold   . . .        (no shield)
rNeg    + . .        M - +0 plate armour
rPois   .            (no helmet)
rElec   .            (no cloak)
rCorr   .            F - +0 pair of gloves
SInv    .            (no boots)
Will    .....        H - amulet of the acrobat
Stlth   x              - +6 ring of dexterity
HPRegen 0.32/turn    E - +6 ring of dexterity
MPRegen 0.13/turn

%: acrobat
@: glowing
A: explore regen
a: Renounce Religion, Divine Shield, Cleansing Flame


You were in a bailey.
You worshipped the Shining One.
The Shining One was most pleased with you.
You visited 2 branches of the dungeon, and saw 9 of its levels.
You also visited: Bailey.

You collected 379 gold pieces.
You spent 191 gold pieces at shops.

Inventory:

Hand Weapons
 e - a +1 long sword (weapon)
 v - a +4 dagger
Missiles
 p - 13 poisoned darts
 q - 2 boomerangs
 A - 2 datura-tipped darts (quivered)
Armour
 F - a +0 pair of gloves (worn)
 M - a +0 plate armour (worn)
Jewellery
 s - a ring of fire
 x - a +6 ring of dexterity (left hand)
 B - a +6 ring of strength
 E - a +6 ring of dexterity (right hand)
 H - an amulet of the acrobat (around neck)
 J - an amulet of faith
Wands
 r - a wand of paralysis (5)
 y - a wand of polymorph (18)
 K - a wand of roots (10)
Scrolls
 a - a scroll of brand weapon {unknown}
 d - a scroll of poison {unknown}
 g - 3 scrolls of enchant weapon
 i - 2 scrolls of teleportation
 k - 3 scrolls of enchant armour
 m - a scroll of silence
 u - a scroll of identify {unknown}
 w - a scroll of summoning {unknown}
 D - a scroll of acquirement {unknown}
 I - a scroll of amnesia {unknown}
Potions
 c - 2 potions of ambrosia
 f - 7 potions of curing
 h - 5 potions of brilliance {unknown}
 j - 3 potions of heal wounds
 l - 2 potions of invisibility {unknown}
 n - 3 potions of haste {unknown}
 o - a potion of attraction {unknown}
 t - 2 potions of resistance {unknown}
 z - 2 potions of cancellation {unknown}
 C - a potion of enlightenment {unknown}
 G - a potion of lignification {unknown}
 L - a potion of degeneration {unknown}
Miscellaneous
 b - a tin of tremorstones (2/2)


   Skills:
 + Level 6.7 Fighting
 * Level 9.1 Long Blades
 - Level 4.4 Throwing
 + Level 6.0 Armour
 - Level 3.0 Dodging
 + Level 5.0 Shields
 + Level 3.3 Invocations


You had 9 spell levels left.
You didn't know any spells.
Your spell library contained the following spells:

 Spells                   Type           Power      Damage    Failure   Level
 Sandblast                Erth           0%         2d4       100%        1
 Ozocubu's Armour         Ice            0%         N/A       100%        3
 Passwall                 Erth           0%         N/A       100%        3
 Stone Arrow              Conj/Erth      0%         3d7       100%        3
 Brom's Barrelling Bould  Conj/Erth      0%         2d3       100%        4
 Metabolic Englaciation   Hex/Ice        0%         N/A       100%        5
 Sculpt Simulacrum        Ice/Alch       0%         N/A       100%        6


Dungeon Overview and Level Annotations

Branches:
Dungeon (8/15)             Temple (1/1) D:5          Bailey (1/1)
   Lair: D:8-11

Altars:
Ashenzari
Cheibriados
Dithmenos
Elyvilon
Fedhas
Gozag
Kikubaaqudgha
Makhleb
Nemelex Xobeh
Qazlal
Ru
Sif Muna
Uskayaw
Wu Jian
Xom
Yredelemnul
Zin
The Shining One

Shops:
D:1 *   D:4 !   D:6 !

Portals:
Abyss: D:6

Annotations:
D:5 1 runed translucent door, angrytalen3's ghost, novice MiGl
D:6 2 transporters, RockinRobin's ghost, novice GrMo


Innate Abilities, Weirdness & Mutations

You regain HP and MP as you explore.


Message History

The orc warrior hits you but does no damage.
You slash the orc warrior!
The orc warrior is almost dead.
The orc warrior hits you but does no damage.
You slash the orc warrior!
You kill the orc warrior!
Things that are here:
a +0 bardiche; a +0 ring mail; an orc corpse You start resting.
HP restored.
There is an open door, spattered with blood here.
You open the gate.
Found a tin of tremorstones (2/2).
Found two gates leading back out of this place.
There is an open gate here.
b - a tin of tremorstones (2/2)
You open the door. 3 orc knights come into view.
The orc knight shouts! x2
The orc knight hits you from afar with a +0 halberd!!
The orc knight roars a battlecry!
The orc knights go into a battle-frenzy!
Found a twitching platinum ring and a potion of experience.
Throw: 4 darts (datura)
Press: ? - help, Q - select action, (/) - cycle Shift-Dir - straight line, f - orc knight
Aim: an orc knight, wielding a +0 halberd and wearing a +0 ring mail (strong, haloed, 78% to hit, chance to frenzy on hit: 3%)
You throw a datura-tipped dart.
The datura-tipped dart closely misses the orc knight.
The orc knight completely misses you.
The orc knight hits you from afar with a +0 halberd!!
Throw: 3 darts (datura)
Press: ? - help, Q - select action, (/) - cycle Shift-Dir - straight line, f/p - orc knight
Aim: an orc knight, wielding a +0 halberd and wearing a +0 ring mail (strong, haloed, 78% to hit, chance to frenzy on hit: 3%)
You throw a datura-tipped dart.
The datura-tipped dart hits the orc knight!
The orc knight resists.
The orc knight hits you from afar with a +0 halberd!
* * * LOW HITPOINT WARNING * * *
The orc knight hits you from afar with a +0 halberd!!
You die...

..≈≈###≈≈...............≈≈### ..
..≈##.##≈...............≈##.##≈..
..≈#......................)..#≈..
..≈##)∩#≈...............≈#∩.##≈..
..≈≈#)##≈....#######....≈##.#≈≈..
...≈≈.≈≈≈...##....##....≈≈≈.≈≈...
....)......##.....##.............
..........##..#'''##.............
..........#..##∩@∩##..##.........
.........##.####'####.##.........
.........##.')#.oo#)'.##.........
.........##.###.8o###.##.........
.........##.'[#!.=#.'.##.........
.........##.#########.##.........
..........#..##)#.##..#..........
..........##..#'#'#..##..........
...........##.......##...........


You could see 3 orc knights.

Vanquished Creatures
  A kobold demonologist (D:8)
  Menkaure (D:5)
  Duvessa (D:5)
  2 water moccasins (D:6)
  12 orc warriors
  A black bear (D:6)
  3 ogres
  An ice beast (D:7)
  A centaur (D:7)
  A phantom (D:5)
  A kobold brigand (D:8)
  2 bullfrogs
  3 scorpions
  Dowan (D:5)
  2 killer bees (D:7)
  A bombardier beetle (D:6)
  4 hounds
  5 jellies
  5 sleepcaps
  5 iguanas
  4 orc wizards
  4 gnolls (D:6)
  8 adders
  A shadow imp (D:7)
  A white imp (D:6)
  2 ufetubi (D:6)
  27 orcs
  7 ball pythons
  3 bats
  4 endoplasms
  4 giant cockroaches
  6 goblins
  7 hobgoblins
  6 kobolds
  2 quokkas (D:4)
  7 frilled lizards
  6 rats
152 creatures vanquished.

Vanquished Creatures (collateral kills)
  2 orcs (D:6)
2 creatures vanquished.

Vanquished Creatures (others)
  An orc warrior (Bailey)
1 creature vanquished.

Grand Total: 155 creatures vanquished

Notes
Turn   | Place    | Note
-------+----------+-------------------------------------------
     0 | D:1      | jagang the Human Monk began the quest for the Orb.
     0 | D:1      | Reached XP level 1. HP: 18/18 MP: 1/1
   103 | D:1      | Reached XP level 2. HP: 23/24 MP: 2/2
   504 | D:1      | Found Luesauvu's Assorted Antiques.
   506 | D:1      | Reached skill level 1 in Armour
   510 | D:1      | Bought a bubbling orange potion for 20 gold pieces
  1191 | D:2      | Reached XP level 3. HP: 28/29 MP: 3/3
  1612 | D:1      | Bought a scroll labelled JOHEITU JILEENT for 23 gold pieces
  1612 | D:1      | Bought a scroll labelled ZOBBEIBAKA for 23 gold pieces
  1612 | D:1      | Bought a smoky sapphire potion for 20 gold pieces
  1911 | D:3      | Reached XP level 4. HP: 34/35 MP: 4/4
  2160 | D:4      | Reached skill level 1 in Throwing
  2250 | D:4      | Reached skill level 4 in Long Blades
  2371 | D:4      | Reached XP level 5. HP: 34/41 MP: 5/5
  2607 | D:4      | Reached XP level 6. HP: 48/48 MP: 6/6
  2648 | D:4      | Found Reufub's Distillery.
  2653 | D:4      | Bought a potion of curing for 30 gold pieces
  2842 | D:5      | Entered Level 5 of the Dungeon
  2905 | D:5      | Found a staircase to the Ecumenical Temple.
  2918 | Temple   | Entered the Ecumenical Temple
  2943 | Temple   | Became a worshipper of the Shining One
  2943 | Temple   | Reached * piety under the Shining One
  2943 | Temple   | Reached ** piety under the Shining One
  2984 | D:5      | Reached skill level 5 in Long Blades
  2984 | D:5      | Reached skill level 1 in Shields
  3054 | D:5      | Noticed Menkaure
  3080 | D:5      | Killed Menkaure
  3081 | D:5      | Reached XP level 7. HP: 22/54 MP: 7/7
  3247 | D:5      | Found a runed translucent door.
  3260 | D:5      | Noticed angrytalen3's ghost (novice MiGl)
  3703 | D:5      | Reached skill level 6 in Long Blades
  3703 | D:5      | Reached XP level 8. HP: 51/61 MP: 8/8
  3907 | D:6      | Noticed Duvessa
  3907 | D:6      | Noticed Dowan
  3923 | D:5      | Killed Duvessa
  3936 | D:5      | Killed Dowan
  4274 | D:6      | Found a one-way gate to the infinite horrors of the Abyss.
  4274 | D:6      | Noticed RockinRobin's ghost (novice GrMo)
  4275 | D:6      | Noticed a green ugly thing
  4280 | D:6      | Noticed a small abomination
  4310 | D:6      | Found a transporter.
  4328 | D:6      | Reached skill level 5 in Fighting
  4374 | D:6      | Found Meullol's Distillery.
  4382 | D:6      | Bought a potion of heal wounds for 75 gold pieces
  4517 | D:6      | Reached skill level 7 in Long Blades
  4749 | D:6      | Found a transporter.
  4778 | D:6      | Reached XP level 9. HP: 59/68 MP: 9/9
  5125 | D:6      | Noticed a sixfirhy
  5125 | D:6      | Reached *** piety under the Shining One
  5365 | D:7      | Reached skill level 5 in Armour
  5842 | D:7      | Found a shimmering altar of Xom.
  5843 | D:7      | Found a shimmering altar of Xom.
  5844 | D:7      | Found a shimmering altar of Xom.
  5844 | D:7      | Found a shimmering altar of Xom.
  5844 | D:7      | Found a shimmering altar of Xom.
  5845 | D:7      | Found a shimmering altar of Xom.
  5845 | D:7      | Found a shimmering altar of Xom.
  6261 | D:7      | Reached skill level 1 in Invocations
  6308 | D:7      | Found a snail-covered altar of Cheibriados.
  6593 | D:7      | Reached skill level 8 in Long Blades
  6794 | D:8      | Noticed a kobold demonologist
  6800 | D:8      | Noticed a red devil
  6802 | D:8      | Killed a kobold demonologist
  6854 | D:8      | Found a flagged portal.
  6862 | Bailey   | Entered a bailey
  7046 | Bailey   | Reached XP level 10. HP: 75/77 MP: 12/12
  7220 | Bailey   | Reached skill level 9 in Long Blades
  7300 | Bailey   | Reached skill level 5 in Shields
  7426 | Bailey   | Noticed an orc knight
  7426 | Bailey   | Noticed an orc knight
  7426 | Bailey   | Noticed an orc knight
  7428 | Bailey   | Demolished by an orc knight

Illustrated notes

Levels and vault maps discovered:
D:1:      minmay_arrival_shattered_statue, layout_loops_cross, serial_shops,
          shop, hex_large
D:2:      layout_basic
D:3:      layout_basic
D:4:      layout_basic, serial_shops, nicolae_shop_tiny_real_fake_doors
D:5:      kennysheep_spiral_hall, layout_rooms, minmay_temple_entry_ruins,
          ebering_ghost_sewer_d, uniq_menkaure
D:6:      layout_basic, serial_shops, nicolae_shop_tiny_waterfront,
          gammafunk_ghost_abyssal_escape, grunt_decor_junction, uniq_duvessa
D:7:      layout_cave_pods, xom_shifter_show, marbit_many_paths,
          grunt_decor_resistance, minivault_1
D:8:      layout_layer_cave, mainiacjoe_overflow_surrounded_room, enter_bailey_3
Temple:   regret_index_temple_sphere_string
Bailey:   bailey_polearm_2, bailey

Skill      XL: |  1  2  3  4  5  6  7  8  9 10 |
---------------+-------------------------------+-----
Armour         | 1 2 3 4 5 6 |  6.0
Throwing       | 1 2 3 4 |  4.4
Long Blades    | 4 5 6 7 8 9 |  9.1
Fighting       | 4 5 6 |  6.7
Shields        | 1 2 3 4 5 |  5.0
Invocations    | 2 3 |  3.3
Dodging        | |  3.0

Action                     |  1- 3 |  4- 6 |  7- 9 | 10-12 || total
---------------------------+-------+-------+-------+-------++-------
  Melee: Long sword        |    73 |    66 |   238 |    39 ||   416
         Punch             |       |       |     1 |     3 ||     4
  Throw: Boomerang         |     3 |    37 |    93 |       ||   133
         Dart              |       |       |    13 |     2 ||    15
    Use: Scroll            |     3 |       |     2 |       ||     5
 Armour: Robe              |    15 |       |       |       ||    15
         Chain mail        |    36 |    63 |   295 |    23 ||   417
         Leather armour    |     1 |       |       |       ||     1
         Plate armour      |       |       |       |    11 ||    11
  Dodge: Dodged            |    35 |    19 |   178 |    23 ||   255
